 Dungeon Crawl Stone Soup version 0.30-a0-743-gbfdf073431 (webtiles) character file.

Game seed: 4872696271127607797

492998 voltaire321 the Warrior (level 23, 0/183 (186) HPs)
             Began as a Demonspawn Venom Mage on Feb 5, 2023.
             Was the Champion of Vehumet.
             Slain by a vault warden
             ... wielding a +0 great sword
              (14 damage)
             ... on level 5 of the Vaults on Feb 6, 2023.
             The game lasted 04:20:25 (48691 turns).

voltaire321 the Warrior (Demonspawn Venom Mage)    Turns: 48691, Time: 04:20:26

HP:   0/183 (186)   AC: 23    Str: 19    XL:     23   Next: 91%
MP:   0/50          EV: 18    Int: 28    God:    Vehumet [******]
Gold: 5904          SH: 14    Dex: 17    Spells: 12/51 levels left

rFire   + + +      SeeInvis +    T - +9 demon whip of Diet Blood {pain, rF++ rC+ Str+2 Dex-3}
rCold   + + +      Faith    .    r - +2 shield of Resistance {rF++ rC++ Will++}
rNeg    + . .      Spirit   +    F - +4 ring mail of Moral Flaws {rPois Will++ Regen+ MP+9 Str+3}
rPois   +          Reflect  .    h - +0 mask of the Dragon {Will+ Slay+3 SInv}
rElec   .          Harm     .    (cloak unavailable)
rCorr   +          Rampage  .    E - +2 pair of gloves {Str+3}
Will    +++++                    A - +2 pair of boots
Stlth   ++                       B - amulet of magic regeneration
HPRegen 1.30/turn                Z - ring of Wonder {Int+3 Dex+6 Slay+3 Stlth+}
MPRegen 1.04/turn                X - ring of Udeliec {rN+ rCorr Slay+6}

@: about to teleport, lightly drained
A: molten scales 3, spiny 3, augmentation 1, magic shield, magic regeneration,
magic link, weakness stinger 3
}: 2/15 runes: barnacled, gossamer
a: Renounce Religion


You were on level 5 of the Vaults.
You worshipped Vehumet.
Vehumet was exalted by your worship.
You visited 9 branches of the dungeon, and saw 43 of its levels.
You also visited: Trove, Ice Cave and Desolation.

You collected 7257 gold pieces.
You spent 1353 gold pieces at shops.

Inventory:

Hand Weapons
 T - the +9 demon whip of Diet Blood (weapon) {pain, rF++ rC+ Str+2 Dex-3}
   (You bought it in a shop on level 2 of the Orcish Mines)

   Str:       It affects your strength (+2).
   Dex:       It affects your dexterity (-3).
   rF:        It greatly protects you from fire.
   rC:        It protects you from cold.
 V - the +0 staff of Battle
   (You found it on level 9 of the Dungeon)

   It enhances your conjuration magic.
   It summons a battlesphere in combat, with strength depending on Conjurations
   skill.
   Its strikes trigger the battlesphere's blasts.
Missiles
 p - 2 throwing nets
Armour
 h - the +0 mask of the Dragon (worn) {Will+ Slay+3 SInv}
   (You found it on level 15 of the Dungeon)

   Slay:      It affects your accuracy & damage with ranged weapons and melee
   (+3).
   SInv:      It lets you see invisible.
   Will:      It increases your willpower.
 r - the +2 shield of Resistance (worn) {rF++ rC++ Will++}
   (You took it off Donald on level 3 of the Vaults)

   rF:        It greatly protects you from fire.
   rC:        It greatly protects you from cold.
   Will:      It greatly increases your willpower.
 A - a +2 pair of boots (worn)
 E - a +2 pair of gloves of strength (worn)
 F - the +4 ring mail of Moral Flaws (worn) {rPois Will++ Regen+ MP+9 Str+3}
   (You found it on level 7 of the Dungeon)

   Str:       It affects your strength (+3).
   rPois:     It protects you from poison.
   MP:        It affects your magic capacity (+9).
   Regen:     It increases your rate of health regeneration.
   Will:      It greatly increases your willpower.
 G - the +2 hood of the Assassin {Detect Stab+ Stlth++}
   (You found it on level 3 of the Vaults)

   Detect:    It allows the wearer to sense nearby creatures.
   Stab+:     It allows the wearer to make particularly effective stabbing
   attacks against helpless or unaware enemies with any weapon.
   Stlth:     It makes you much more stealthy.
 W - the +1 ring mail "Nito" {rElec Str+4 Dex+2}
   (You found it on level 1 of the Elven Halls)

   Str:       It affects your strength (+4).
   Dex:       It affects your dexterity (+2).
   rElec:     It insulates you from electricity.
Jewellery
 l - a ring of flight
 t - a +6 ring of intelligence
 v - a ring of magical power
 B - an amulet of magic regeneration (around neck)
 X - the ring of Udeliec (right hand) {rN+ rCorr Slay+6}
   (You took it off a deep elf demonologist on level 3 of the Elven Halls)

   [ring of positive energy]

   Slay:      It affects your accuracy & damage with ranged weapons and melee
   (+6).
   rN:        It protects you from negative energy.
   rCorr:     It protects you from acid and corrosion.
 Z - the ring of Wonder (left hand) {Int+3 Dex+6 Slay+3 Stlth+}
   (You took it off a deep elf death mage on level 3 of the Elven Halls)

   [ring of dexterity]

   Int:       It affects your intelligence (+3).
   Dex:       It affects your dexterity (+6).
   Slay:      It affects your accuracy & damage with ranged weapons and melee
   (+3).
   Stlth:     It makes you more stealthy.
Wands
 f - a wand of digging (8)
 u - a wand of flame (65)
 x - a wand of polymorph (20)
 C - a wand of mindburst (53)
 D - a wand of charming (13)
 I - a wand of acid (7)
 O - a wand of roots (47)
Scrolls
 b - 2 scrolls of amnesia
 c - 35 scrolls of identify
 d - 3 scrolls of magic mapping
 i - 7 scrolls of teleportation
 m - 2 scrolls of enchant weapon
 z - a scroll of silence
 J - 3 scrolls of poison
 L - 7 scrolls of enchant armour
 P - 7 scrolls of fog
Potions
 a - 7 potions of curing
 e - 5 potions of haste
 g - 8 potions of might
 j - 4 potions of cancellation
 k - 10 potions of brilliance
 n - 10 potions of flight
 o - 6 potions of invisibility
 q - 13 potions of mutation
 s - 9 potions of lignification
 w - a potion of berserk rage
 N - 13 potions of ambrosia
 Q - 4 potions of magic
 S - 5 potions of resistance


   Skills:
 + Level 16.8 Fighting
 - Level 12.0 Maces & Flails
 + Level 14.0 Armour
 - Level 15.0 Dodging
 - Level 2.0 Stealth
 + Level 9.9 Shields
 + Level 14.7 Spellcasting
 - Level 15.0 Conjurations
 - Level 5.0 Necromancy
 - Level 2.0 Translocations
 - Level 2.0 Transmutations
 + Level 13.4 Fire Magic
 - Level 10.0 Air Magic
 - Level 12.0 Earth Magic
 - Level 10.0 Poison Magic


You had 12 spell levels left.
You knew the following spells:

 Your Spells              Type           Power      Damage    Failure   Level
a - Stone Arrow           Conj/Erth      100%       3d13      1%          3
b - Airstrike             Air            33%        2d(5-21)  1%          4
c - Olgreb's Toxic Radia  Pois           67%        N/A       1%          4
d - Starburst             Conj/Fire      39%        6d11      1%          6
e - Vhi's Electric Charg  Tloc/Air       100%       N/A       1%          3
f - Ignition              Fire           38%        3d11      45%         8
g - Lightning Bolt        Conj/Air       37%        1d55      1%          5
h - Iron Shot             Conj/Erth      38%        9d8       1%          6

Your spell library contained the following spells:

 Spells                   Type           Power      Damage    Failure   Level
 Maxwell's Capacitive Co  Air            33%        ∞         88%         8
 Kiss of Death            Conj/Necr      100%       2d13      1%          1
 Sting                    Tmut/Pois      100%       1d8       1%          1
 Cigotuvi's Dreadful Rot  Necr/Pois/Air  100%       N/A       1%          2
 Poisonous Vapours        Pois/Air       100%       N/A       1%          2
 Scorch                   Fire           100%       2d10      1%          2
 Searing Ray              Conj           100%       2d8       1%          2
 Static Discharge         Conj/Air       100%       2-7/arc   1%          2
 Sublimation of Blood     Necr           48%        N/A       1%          2
 Dazzling Flash           Conj/Hex       100%       N/A       1%          3
 Hailstorm                Conj/Ice       58%        3d13      1%          3
 Ignite Poison            Fire/Tmut/Pois 62%        N/A       1%          3
 Inner Flame              Hex/Fire       55%        N/A       1%          3
 Kindle Blastsparks       Fire/Tloc/Air  100%       2d18      1%          3
 Mephitic Cloud           Conj/Pois/Air  72%        N/A       1%          3
 Spider Form              Tmut/Pois      53%        N/A       1%          3
 Flame Wave               Conj/Fire      79%        2d17      1%          4
 Iskenderun's Mystic Bla  Conj/Tloc      62%        2d13      1%          4
 Sticky Flame             Conj/Fire      79%        2d9       1%          4
 Arcjolt                  Conj/Air       37%        1d47      1%          5
 Fireball                 Conj/Fire      39%        3d16      1%          5
 Irradiate                Conj/Tmut      31%        3d22      1%          5
 Iskenderun's Battlesphe  Conj           81%        2d13      1%          5
 Freezing Cloud           Conj/Ice/Air   30%        6-21      2%          5
 Conjure Ball Lightning   Conj/Air       37%        3x3d12    2%          6
 Beastly Appendage        Tmut           62%        N/A       3%          1
 Vampiric Draining        Necr           48%        2d9       3%          3
 Petrify                  Tmut/Erth      56%        N/A       4%          4
 Orb of Destruction       Conj           40%        9d11      4%          7
 Wereblood                Tmut           31%        N/A       5%          2
 Frozen Ramparts          Ice            40%        1d7       7%          3
 Animate Armour           Summ/Erth      100%       N/A       7%          4
 Leda's Liquefaction      Hex/Erth       26%        N/A       7%          4
 Borgnjor's Vile Clutch   Necr/Erth      31%        N/A       7%          5
 Slow                     Hex            80%        N/A       9%          1
 Animate Dead             Necr           48%        N/A       11%         4
 Dispel Undead            Necr           48%        3d18      11%         4
 Summon Lightning Spire   Summ/Air       48%        N/A       11%         4
 Ensorcelled Hibernation  Hex/Ice        40%        N/A       12%         2
 Portal Projectile        Hex/Tloc       52%        N/A       16%         3
 Alistair's Intoxication  Tmut/Pois      35%        N/A       19%         5
 Call Canine Familiar     Summ           20%        N/A       24%         3
 Confusing Touch          Hex            20%        N/A       24%         3
 Ozocubu's Armour         Ice            20%        N/A       24%         3
 Summon Guardian Golem    Hex/Summ       20%        N/A       24%         3
 Tukima's Dance           Hex            20%        N/A       24%         3
 Eringya's Noxious Bog    Tmut/Pois      26%        N/A       26%         6
 Silence                  Hex/Air        24%        N/A       28%         5
 Passage of Golubria      Tloc           31%        N/A       34%         4
 Lehudib's Crystal Spear  Conj/Erth      38%        10d10     45%         8
 Ice Form                 Ice/Tmut       26%        N/A       47%         4
 Statue Form              Tmut/Erth      37%        N/A       56%         6
 Cause Fear               Hex            10%        N/A       63%         4
 Summon Ice Beast         Ice/Summ       20%        N/A       63%         4
 Blade Hands              Tmut           15%        N/A       69%         5
 Death Channel            Necr           24%        N/A       85%         6
 Metabolic Englaciation   Hex/Ice        10%        N/A       92%         5
 Summon Mana Viper        Hex/Summ       20%        N/A       92%         5
 Simulacrum               Ice/Necr       17%        N/A       99%         6
 Storm Form               Tmut/Air       26%        N/A       99%         7
 Fire Storm               Conj/Fire      39%        8d10      99%         9
 Summon Cactus Giant      Summ           10%        N/A       100%        6
 Haunt                    Necr/Summ      17%        N/A       100%        7
 Ozocubu's Refrigeration  Ice            10%        4d9       100%        7
 Summon Hydra             Summ           10%        N/A       100%        7
 Discord                  Hex            10%        N/A       100%        8
 Infestation              Necr           24%        N/A       100%        8
 Chain Lightning          Conj/Air       37%        3d49      100%        9
 Shatter                  Erth           36%        3d29*     100%        9


Dungeon Overview and Level Annotations

Branches:
Dungeon (15/15)            Temple (1/1) D:4            Lair (5/5) D:9
 Shoals (4/4) Lair:2       Spider (4/4) Lair:3        Slime (0/5) Lair:4
    Orc (2/2) D:9             Elf (3/3) Orc:2        Vaults (5/5) D:13
  Crypt (0/3) Vaults:2     Depths (4/4) D:15            Zot (0/5) Depths:4
  IceCv (visited)         Desolation (visited)

Altars:
Ashenzari
Cheibriados
Dithmenos
Hepliaklqana
Kikubaaqudgha
Makhleb
Ru
Sif Muna
Trog
Vehumet
Wu Jian
Xom
Yredelemnul
Lugonu

Shops:
Orc:1 :?[   Orc:2 =(!**(   Vaults:1 [   Vaults:2 [   Vaults:4 (   Depths:1 !

Portals:
Hell: Depths:1 Depths:2 Depths:3 Depths:4
Abyss: Depths:3
Pandemonium: Depths:1 Depths:2
Ziggurat: Depths:2

Annotations:
D:4 Sigmund
D:6 3 runed translucent doors, avis's ghost, novice DgHu
D:11 2 runed translucent doors, exclusion: orange crystal statue
D:14 2 runed translucent doors
Elf:2 3 runed translucent doors
Vaults:4 2 transporters, exclusion: orange crystal statue


Innate Abilities, Weirdness & Mutations

You are completely covered in molten scales. (AC +4, rF+)
You are completely covered in sharp spines.
Your magical and physical power is slightly enhanced at high health.
When hurt, damage is shared between your health and your magic reserves.
You regenerate magic rapidly.
When low on magic, you restore magic in place of health.
You have a sharp stinger which inflicts weakening toxins.


Message History

The tengu reaver hits you with a +0 battleaxe.
The tengu reaver misses you. You block the tengu reaver's attack.
The ironbound convoker begins to recite a word of recall!
The tengu reaver casts a spell at you. The bolt of acid hits you. You resist.
The tengu reaver casts a spell at you. The bolt of negative energy hits you!
You partially resist.
You feel drained.
The vault warden is recalled.
The yaktaur captain shoots a bolt.
The bolt hits you!
* * * LOW HITPOINT WARNING * * *
Aiming: Iron Shot (mildly dangerous; 1% risk of failure)
Press: ? - help, Q - select action, (/) - cycle Shift-Dir - straight line, f/p - tengu reaver
Aim: a tengu reaver, wielding a +0 battleaxe and wearing a +0 scale mail (heavily wounded, weak, 57% to hit)
The iron shot hits the tengu reaver!!!
The tengu reaver is almost dead.
The yaktaur captain shoots a bolt.
The bolt hits you!!
* * * LOW HITPOINT WARNING * * *
As you read the scroll of teleportation, it crumbles to dust.
You feel strangely unstable.
The ironbound convoker gestures at the tengu reaver while chanting.
The tengu reaver seems to grow stronger.
The tengu reaver points at you and mumbles some strange words.
The bolt of fire hits you! You resist.
* * * LOW HITPOINT WARNING * * *
You feel better.
A stone giant comes into view.
A frost giant comes into view.
It is wielding a +2 battleaxe of freezing.
The tengu reaver casts a spell at you. The bolt of cold misses you.
The frost giant shouts!
The vault warden attacks as you move away!
The vault warden is struck by your spines.
The vault warden hits you with a +0 great sword!
* * * LOW HITPOINT WARNING * * *
The ironbound convoker casts a spell at the yaktaur captain.
The yaktaur captain seems to grow stronger.
The vault warden attacks as you move away!
The vault warden is struck by your spines.
The vault warden hits you with a +0 great sword!!
You die...

.... #.....#..... ...
#.....#).... #....######Q###
..#####.##### #....#....[#
###.....#..... # #....#.....#
#.....#..... #.#...c#....
#.....#..... ...........
#.....#...(.
#.p...)[C#######################.
....<<[[.C.c..Qp@.:..............
...<[[<[....p............:.......
/...<<)[.........................
....).[..).......................
#..u..[.$#######################.
#......... .. ..#....#.#. .#.
p.#....#.... ... ... .
#....#.#.## #.## #.


You could see a stone giant, a vault warden, a tengu reaver (strong, weak), a
yaktaur captain (strong) and an ironbound convoker (catching breath).

Vanquished Creatures
  3 juggernauts
  Boris (Vaults:3)
  2 caustic shrikes (Depths:3)
  the Enchantress (Depths:4)
  6 golden dragons
  Jory (Vaults:3)
  Arachne (Spider:2)
  Jorgrun (Spider:1)
  Zenata (Vaults:1)
  A walking crystal tome (Depths:3)
  3 tentacled monstrosities
  Mlioglotl (Spider:2)
  7 liches
  A walking earthen tome (Depths:3)
  4 deep elf blademasters (Elf:3)
  4 titans
  A deep elf master archer (Elf:3)
  A walking divine tome (Depths:2)
  7 sphinxes
  3 shadow dragons
  A quicksilver dragon (Depths:3)
  3 tengu reavers
  Kirke (D:14)
  Donald (Vaults:3)
  Roxanne (Elf:2)
  4 storm dragons
  9 fire giants
  7 frost giants
  The ghost of Kilowitz the Fighter, a journeyman MiFi of Okawaru (Spider:2)
  A draconian knight (Depths:4)
  8 emperor scorpions
  15 vault wardens
  5 ghost moths
  3 imperial myrmidons (Desolation)
  11 deep elf sorcerers
  The ghost of Foxy the Nimble, an adept KoEn of Sif Muna (Spider:1)
  2 iron dragons (Depths:3)
  The ghost of bigduke15 the Bludgeoner, a journeyman MiFi of Qazlal (Shoals:1)
  An orc warlord (Vaults:4)
  A draconian scorcher (Depths:4)
  6 deep elf elementalists
  A draconian shifter (Depths:4)
  Aizul (Vaults:1)
  6 spriggan defenders
  2 war gargoyles (Vaults:4)
  A reaper (Depths:2)
  34 very ugly things
  2 broodmothers
  10 ironbound preservers
  8 ironbound thunderhulks
  18 stone giants
  6 deep elf demonologists
  8 vampire knights
  2 black draconians (Depths:4)
  2 dire elephants
  A yellow draconian (Depths:4)
  3 spark wasps
  6 deep elf annihilators
  An eidolon (Vaults:2)
  A red draconian (Depths:4)
  9 deep elf death magi
  4 merfolk javelineers
  4 crystal guardians
  13 deep elf high priests
  An entropy weaver (Vaults:1)
  2 jiangshi (Depths:2)
  12 yaktaur captains
  5 fire dragons
  12 ettins
  9 merfolk impalers
  7 ragged hierophants (Desolation)
  6 great orbs of eyes
  5 rakshasas
  Harold (Lair:1)
  9 peacekeepers
  8 ice dragons
  12 hydras
  28 vault guards
  2 catoblepae
  4 jorogumos
  3 servants of whispers (Desolation)
  7 merfolk avatars
  3 ogre magi
  3 radroaches
  A radroach (shapeshifter) (Vaults:3)
  A death knight (D:15)
  13 ironbound frosthearts
  7 merfolk aquamancers
  8 two-headed ogres
  3 boulder beetles (D:15)
  5 dancing weapons
  9 death yaks
  4 spriggan air magi
  6 centaur warriors
  A death scarab (Spider:3)
  13 deep troll shamans
  A vampire mage (Depths:2)
  A satyr (Shoals:3)
  4 orc high priests
  7 tengu warriors
  12 deep troll earth magi
  A spectral emperor scorpion (Spider:1)
  6 spriggan berserkers
  14 deep elf knights
  8 iron trolls
  A sun demon (Depths:3)
  A soul eater (Depths:2)
  4 skeletal warriors
  2 spectral ghost moths (Spider:1)
  7 pharaoh ants
  2 glowing orange brains
  13 hell knights
  A sun moth (Spider:1)
  5 sea snakes (Shoals:4)
  49 deep trolls
  A glowing orange brain (shapeshifter) (Elf:3)
  7 orb spiders
  9 wizards
  2 flayed ghosts
  3 orc knights
  2 spectral wolf spiders (Spider:1)
  20 ironbound convokers
  4 steelbarb worms
  Pikel (D:5)
  7 wolf spider zombies (Spider:1)
  17 deep elf archers
  9 necromancers
  18 lindwurms
  17 harpies
  26 deep elf zephyrmancers
  61 ugly things
  15 wolf spiders
  An oklob plant (Lair:2)
  3 phantasmal warriors
  9 cyclopes
  25 deep elf pyromancers
  A steelbarb worm (shapeshifter) (D:14)
  12 fauns
  6 orc sorcerers
  A wolf spider (shapeshifter) (Vaults:5)
  11 manticores
  A salamander (shapeshifter) (Vaults:5)
  A moth of wrath (Spider:4)
  16 elephants
  6 water nymphs
  4 merfolk sirens
  5 torpor snails
  An eye of devastation (Lair:4)
  A rust devil (Depths:2)
  18 vault sentinels
  4 black mambas
  2 guardian serpents (Desolation)
  An ice statue (IceCv)
  2 demonic crawlers (Spider:2)
  A cane toad (shapeshifter) (Vaults:5)
  A gargoyle (D:10)
  A molten gargoyle (Desolation)
  6 orange demons (D:10)
  2 kobold demonologists
  An efreet (D:13)
  7 redback zombies (Spider:1)
  An unseen horror (D:9)
  2 tengu conjurers
  5 komodo dragons
  14 cane toads
  3 freezing wraiths
  An anaconda simulacrum (IceCv)
  6 rime drakes
  36 yaktaurs
  3 red devils
  3 ice devils
  18 merfolk
  2 ghost moth simulacra (Spider:1)
  A polar bear (Lair:5)
  A troll (shapeshifter) (D:13)
  3 meliai (D:13)
  A meliai (shapeshifter) (D:15)
  A queen bee (shapeshifter) (D:14)
  5 tarantella zombies (Spider:1)
  A wind drake (shapeshifter) (Elf:2)
  11 blink frogs
  5 trolls
  A hellwing (Depths:2)
  5 hornets
  5 snapping turtles
  22 tarantellas
  5 wind drakes
  3 culicivora zombies (Spider:1)
  31 saltlings (Desolation)
  16 dream sheep
  15 jumping spiders
  17 culicivoras
  A vampire (D:13)
  A shadow (D:12)
  34 slime creatures
  3 spriggans (Depths:4)
  3 air elementals (Elf:3)
  4 wyverns
  2 dire elephant simulacra (IceCv)
  13 water elementals
  42 yaks
  5 wraiths
  A centaur simulacrum (D:12)
  9 basilisks
  2 fire elementals (Elf:2)
  6 hogs (D:14)
  31 redbacks
  3 vampire mosquitoes (D:12)
  3 harpy simulacra (IceCv)
  10 wargs
  A spectral entropy weaver (Spider:1)
  6 two-headed ogre zombies (Orc:1)
  2 acid dragons
  9 water moccasins
  2 floating eyes
  19 orc warriors
  5 black bears
  A black bear (shapeshifter) (Vaults:4)
  2 ice beasts (D:7)
  An ice beast (shapeshifter) (Depths:2)
  2 sky beasts
  An ogre (shapeshifter) (Vaults:1)
  5 wolves (Lair:2)
  11 ogres
  5 centaurs
  2 gnoll sergeants
  3 kobold brigands
  14 bullfrogs
  3 necrophages
  An entropy weaver simulacrum (Spider:1)
  3 scorpions
  7 two-headed ogre simulacra (IceCv)
  3 cane toad simulacra (IceCv)
  19 killer bees
  An elephant simulacrum (IceCv)
  4 electric eels
  13 orc priests
  3 hounds
  6 small abominations (D:9)
  Crazy Yiuf (D:3)
  2 gnoll boudas
  3 jellies
  Ijyb (D:3)
  2 iguanas
  Natasha (thrice) (D:2)
  31 orc wizards
  5 spriggan simulacra (IceCv)
  4 troll simulacra (IceCv)
  7 hell rats (Lair:1)
  3 wolf simulacra (IceCv)
  22 gnolls
  8 adders
  2 naga simulacra (IceCv)
  9 white imps
  8 ufetubi
  A worm (D:2)
  2 dart slugs (D:5)
  45 orcs
  6 ball pythons
  6 bats
  7 endoplasms
  5 giant cockroaches
  11 goblins
  5 hobgoblins
  12 jackals
  17 kobolds
  2 quokkas
  2 frilled lizards
  9 rats
  19 pillars of salt (Vaults:4)
1824 creatures vanquished.

Vanquished Creatures (others)
  A vampire knight (Depths:4)
  An ogre mage (D:15)
  2 bog bodies (IceCv)
  A wizard (D:13)
  A deep elf pyromancer (Elf:3)
  A water elemental (Elf:2)
  A bush (Lair:3)
  45 fungi
  48 plants
101 creatures vanquished.

Grand Total: 1925 creatures vanquished

Notes
Turn   | Place    | Note
-------+----------+-------------------------------------------
     0 | D:1      | voltaire321 the Demonspawn Venom Mage began the quest for
                  | the Orb.
     0 | D:1      | Reached XP level 1. HP: 13/13 MP: 3/3
    70 | D:1      | Reached skill level 1 in Transmutations
    79 | D:1      | Gained mutation: You regenerate magic rapidly. [demonic
                  | ancestry]
    79 | D:1      | Reached XP level 2. HP: 14/20 MP: 1/5
   309 | D:1      | Gained mutation: You have a small tail. [demonic ancestry]
   309 | D:1      | Reached XP level 3. HP: 20/25 MP: 4/6
   546 | D:2      | Reached skill level 1 in Fighting
   582 | D:2      | Reached skill level 1 in Armour
   612 | D:2      | Learned a level 2 spell: Poisonous Vapours
   743 | D:2      | Noticed Natasha
   757 | D:2      | Killed Natasha
   758 | D:2      | Reached XP level 4. HP: 15/32 MP: 4/7
  1180 | D:2      | Noticed Natasha
  1189 | D:2      | Killed Natasha
  1324 | D:2      | Learned a level 4 spell: Olgreb's Toxic Radiance
  1481 | D:2      | Noticed Natasha
  1491 | D:2      | Killed Natasha
  1492 | D:2      | Gained mutation: You are partially covered in molten
                  | scales. (AC +2) [demonic ancestry]
  1492 | D:2      | Reached XP level 5. HP: 22/38 MP: 6/8
  1989 | D:3      | Noticed Ijyb
  2016 | D:3      | Killed Ijyb
  2017 | D:3      | Reached skill level 1 in Air Magic
  2066 | D:3      | Found a runed translucent door.
  2067 | D:3      | Noticed Crazy Yiuf
  2081 | D:3      | Killed Crazy Yiuf
  2082 | D:3      | Reached skill level 2 in Fighting
  2969 | D:4      | Noticed Sigmund
  3168 | D:4      | Reached XP level 6. HP: 20/44 MP: 6/10
  3384 | D:4      | Learned a level 3 spell: Stone Arrow
  3714 | D:4      | Reached skill level 1 in Conjurations
  3714 | D:4      | Gained mutation: You have a tail ending in a sharp stinger.
                  | [demonic ancestry]
  3714 | D:4      | Reached XP level 7. HP: 44/51 MP: 9/11
  3752 | D:4      | Found a staircase to the Ecumenical Temple.
  3772 | Temple   | Entered the Ecumenical Temple
  3802 | Temple   | Became a worshipper of Vehumet
  3863 | D:4      | Found an ornate altar of the Wu Jian Council.
  4275 | D:5      | Entered Level 5 of the Dungeon
  4385 | D:5      | Reached skill level 1 in Earth Magic
  4661 | D:5      | Noticed a wraith
  4666 | D:5      | Killed a wraith
  4667 | D:5      | Reached skill level 3 in Fighting
  4731 | D:5      | Noticed Pikel
  4987 | D:5      | Gained mutation: You are mostly covered in molten scales.
                  | (AC +3) [demonic ancestry]
  4987 | D:5      | Reached XP level 8. HP: 56/58 MP: 9/13
  5018 | D:5      | Killed Pikel
  5394 | D:5      | Reached skill level 5 in Poison Magic
  5949 | D:6      | Reached skill level 4 in Fighting
  6005 | D:6      | Identified the +9 falchion of the Curious Xeniums {holy,
                  | Str+2}
  6059 | D:6      | Reached * piety under Vehumet
  6059 | D:6      | Offered knowledge of Shock by Vehumet.
  6144 | D:6      | Noticed avis's ghost (novice DgHu)
  6147 | D:6      | Found a runed translucent gate.
  6147 | D:6      | Found a runed translucent gate.
  6147 | D:6      | Found a runed translucent gate.
  6147 | D:6      | Noticed a komodo dragon
  6399 | D:6      | Reached XP level 9. HP: 64/65 MP: 8/15
  7299 | D:7      | Reached skill level 5 in Spellcasting
  7644 | D:7      | Identified the +4 ring mail of Moral Flaws {rPois Will++
                  | Regen+ MP+9 Str+3}
  7749 | D:7      | Offered knowledge of Searing Ray by Vehumet.
  7750 | D:7      | Reached skill level 5 in Fighting
  7753 | D:7      | Learned a level 2 spell: Searing Ray
  7784 | D:7      | Reached ** piety under Vehumet
  7785 | D:7      | Reached skill level 5 in Dodging
  8464 | D:8      | Gained mutation: You are partially covered in sharp spines.
                  | [demonic ancestry]
  8464 | D:8      | Reached XP level 10. HP: 74/74 MP: 18/18
  8787 | D:9      | Identified a scroll of acquirement
  8787 | D:9      | Acquired 477 gold pieces
  9028 | D:9      | Found a transporter.
  9028 | D:9      | Found the +0 staff of Battle
  9029 | D:9      | Noticed a purple ugly thing
  9030 | D:9      | Found a corrupted altar of Lugonu.
  9030 | D:9      | Noticed a cyan ugly thing
  9031 | D:9      | Noticed a red ugly thing
  9031 | D:9      | Noticed a white ugly thing
  9079 | D:9      | Reached skill level 5 in Conjurations
  9094 | D:9      | Reached skill level 5 in Armour
  9094 | D:9      | Offered knowledge of Dazzling Flash by Vehumet.
  9299 | D:9      | Reached *** piety under Vehumet
  9324 | D:9      | Found a staircase to the Lair.
  9433 | D:9      | Reached skill level 6 in Fighting
  9436 | D:9      | Reached skill level 5 in Earth Magic
  9581 | D:9      | Found a transporter.
  9593 | D:9      | Found a staircase to the Orcish Mines.
  9771 | D:10     | Entered Level 10 of the Dungeon
  9776 | D:10     | Offered knowledge of Sticky Flame by Vehumet.
  9785 | D:10     | Noticed a gargoyle
  9791 | D:10     | Killed a gargoyle
  9844 | D:10     | Gained mutation: When hurt, damage is shared between your
                  | health and your magic reserves. [demonic ancestry]
  9844 | D:10     | Reached XP level 11. HP: 82/82 MP: 20/20
 10514 | Lair:1   | Entered Level 1 of the Lair of Beasts
 10574 | Lair:1   | Noticed a seven-headed hydra
 10844 | Lair:1   | Reached **** piety under Vehumet
 10905 | Lair:1   | Noticed Harold
 10913 | Lair:1   | Killed Harold
 10914 | Lair:1   | Reached skill level 7 in Fighting
 11055 | Lair:1   | Killed a seven-headed hydra
 11055 | Lair:1   | Offered knowledge of Airstrike by Vehumet.
 11061 | Lair:1   | Learned a level 4 spell: Airstrike
 11649 | Lair:2   | Noticed a four-headed hydra
 11657 | Lair:2   | Killed a four-headed hydra
 11662 | Lair:2   | Reached XP level 12. HP: 91/91 MP: 22/22
 11817 | Lair:2   | Found a staircase to the Shoals.
 11896 | Lair:2   | Identified the +4 scale mail "Zymaw" {Stlth+}
 12422 | Lair:3   | Noticed a death yak
 12422 | Lair:3   | Noticed a death yak
 12424 | Lair:3   | Noticed a death yak
 12424 | Lair:3   | Noticed a death yak
 12430 | Lair:3   | Noticed a death yak
 12435 | Lair:3   | Noticed a catoblepas
 12510 | Lair:3   | Noticed an eight-headed hydra
 12515 | Lair:3   | Killed an eight-headed hydra
 12718 | Lair:3   | Killed a catoblepas
 12719 | Lair:3   | Reached skill level 8 in Fighting
 12762 | Lair:3   | Killed a death yak
 12807 | Lair:3   | Found a hole to the Spider Nest.
 12877 | Lair:3   | Killed a death yak
 12877 | Lair:3   | Reached ***** piety under Vehumet
 12891 | Lair:3   | Killed a death yak
 12903 | Lair:3   | Killed a death yak
 12903 | Lair:3   | Offered knowledge of Flame Wave by Vehumet.
 12924 | Lair:3   | Killed a death yak
 13051 | Lair:3   | Gained mutation: When low on magic, you restore magic in
                  | place of health. [demonic ancestry]
 13051 | Lair:3   | Reached XP level 13. HP: 84/99 MP: 25/25
 14108 | Lair:4   | Found a staircase to the Slime Pits.
 14112 | Lair:4   | Paralysed by a floating eye for 2 turns
 14415 | Lair:5   | Entered Level 5 of the Lair of Beasts
 14468 | Lair:5   | Reached skill level 9 in Fighting
 14600 | Lair:5   | Learned a level 4 spell: Flame Wave
 14734 | Lair:5   | Reached skill level 1 in Fire Magic
 14738 | Lair:5   | Offered knowledge of Starburst by Vehumet.
 14770 | Lair:5   | Learned a level 6 spell: Starburst
 15046 | Lair:5   | Reached XP level 14. HP: 97/108 MP: 26/26
 15182 | Lair:5   | Reached skill level 10 in Poison Magic
 15250 | Lair:5   | Identified the +0 chain mail "Agyliet" {-Cast Regen+ rCorr
                  | Dex-5}
 15533 | D:9      | Learned a level 5 spell: Lightning Bolt
 15566 | Orc:1    | Entered Level 1 of the Orcish Mines
 15577 | Orc:1    | Found Faunung's Magic Scroll Shop.
 15584 | Orc:1    | Found Fubigyon's Armour Emporium.
 15656 | D:9      | Reached skill level 5 in Air Magic
 15679 | D:9      | Learned a level 3 spell: Vhi's Electric Charge
 15759 | Orc:1    | Found Tothraamm's Armour Shop.
 15789 | Orc:1    | Bought a scroll of magic mapping for 105 gold pieces
 15822 | Orc:1    | Found Widenass's Book Shoppe.
 15885 | Orc:1    | Offered knowledge of Irradiate by Vehumet.
 15959 | Orc:1    | Reached skill level 1 in Translocations
 16310 | Orc:2    | Entered Level 2 of the Orcish Mines
 16310 | Orc:2    | Found Otroanek's Assorted Antiques.
 16372 | Orc:2    | Found None Nituxt's Weapon Shop.
 16462 | Orc:2    | Found a frozen archway.
 16473 | Orc:2    | Reached skill level 10 in Fighting
 16474 | Orc:2    | Offered knowledge of Lee's Rapid Deconstruction by Vehumet.
 16477 | IceCv    | Entered an ice cave
 16927 | IceCv    | Got the Commentary on Cold
 17629 | Orc:2    | Found Zotychul's Weapon Shoppe.
 17629 | Orc:2    | Found Gaatz's Jewellery Shoppe.
 17690 | Orc:2    | Found a staircase to the Elven Halls.
 17852 | Orc:2    | Found Caimekof's Distillery.
 17857 | Orc:2    | Found Docsu's General Store.
 17863 | Orc:2    | Bought 2 potions of resistance for 280 gold pieces
 17905 | Orc:2    | Bought an ichor-stained demon whip for 520 gold pieces
 17905 | Orc:2    | Identified the +9 demon whip of Diet Blood {pain, rF++ rC+
                  | Str+2 Dex-3} (You bought it in a shop on level 2 of the
                  | Orcish Mines)
 17934 | Orc:1    | Bought a +0 buckler for 63 gold pieces
 18054 | D:11     | Found a large runed translucent door.
 18054 | D:11     | Found a large runed translucent door.
 18055 | D:11     | Found a shimmering altar of Xom.
 18778 | D:12     | Gained mutation: You have a sharp stinger which inflicts
                  | weakening toxins. [demonic ancestry]
 18778 | D:12     | Reached XP level 15. HP: 109/115 MP: 23/28
 18818 | D:12     | Reached skill level 10 in Conjurations
 18892 | D:12     | Offered knowledge of Conjure Ball Lightning by Vehumet.
 18940 | D:12     | Reached skill level 1 in Shields
 19044 | D:12     | Found a shadowy altar of Dithmenos.
 20107 | D:13     | Found a gate to the Vaults.
 20447 | D:14     | Reached skill level 10 in Spellcasting
 20462 | D:14     | Reached skill level 10 in Dodging
 20640 | D:14     | Noticed Kirke
 20655 | D:14     | Killed Kirke
 20858 | D:14     | Found a large runed translucent door.
 20859 | D:14     | Found a large runed translucent door.
 20964 | D:15     | Entered Level 15 of the Dungeon
 21045 | D:15     | Reached skill level 5 in Fire Magic
 21067 | D:15     | Offered knowledge of Yara's Violent Unravelling by Vehumet.
 21345 | D:15     | Found a staircase to the Depths.
 21582 | D:15     | Noticed a tengu reaver
 21588 | D:15     | Found the +0 mask of the Dragon {Will+ Slay+3 SInv}
 21589 | D:15     | Found a runed translucent door.
 22058 | Elf:1    | Entered Level 1 of the Elven Halls
 22095 | Elf:1    | Reached skill level 10 in Armour
 22104 | Elf:1    | Reached skill level 11 in Fighting
 22193 | Elf:1    | Got Vehumet's Incunabulum of Conjuration
 22267 | Elf:1    | Reached XP level 16. HP: 125/125 MP: 27/30
 22986 | Elf:1    | Identified the +1 ring mail "Nito" {rElec Str+4 Dex+2}
 23179 | Elf:2    | Identified Roxanne's Monograph on the Quarry
 23179 | Elf:2    | Noticed Roxanne
 23193 | Elf:2    | Killed Roxanne
 23251 | Elf:2    | Learned a level 6 spell: Iron Shot
 23312 | Elf:2    | Reached ****** piety under Vehumet
 23389 | Elf:2    | Offered knowledge of Ignition by Vehumet.
 23781 | Elf:2    | Found a runed translucent gate.
 23781 | Elf:2    | Found a runed translucent gate.
 23782 | Elf:2    | Found a runed translucent gate.
 24158 | Elf:3    | Entered Level 3 of the Elven Halls
 24252 | Elf:3    | Reached skill level 5 in Shields
 24254 | Elf:3    | Noticed a deep elf blademaster
 24257 | Elf:3    | Noticed a deep elf blademaster
 24258 | Elf:3    | Noticed an Ice Fiend
 24478 | Elf:3    | Paralysed by an air elemental for 1 turns
 24520 | Elf:3    | Found the +7 great mace "Firestarter" {flame, inner flame,
                  | rFlCloud rF++}
 24766 | Elf:3    | Identified the +7 halberd "Dragonslayer" {heavy, rPois rF+
                  | Will- Str+6}
 24772 | Elf:3    | Killed a deep elf blademaster
 24776 | Elf:3    | Killed a deep elf blademaster
 24935 | Elf:3    | Identified the +0 robe of Hyatz {+Inv rN+ Str+5}
 24935 | Elf:3    | Noticed a deep elf blademaster
 24944 | Elf:3    | Killed a deep elf blademaster
 24951 | Elf:3    | Gained mutation: Your magical and physical power is
                  | slightly enhanced at high health. [demonic ancestry]
 24951 | Elf:3    | Reached XP level 17. HP: 96/133 MP: 19/32
 24956 | Elf:3    | Noticed an Ice Fiend
 24965 | Elf:3    | Noticed a deep elf master archer
 24970 | Elf:3    | Noticed a Tzitzimitl
 25118 | Elf:3    | Identified the ring of Udeliec {rN+ rCorr Slay+6}
 25165 | Elf:3    | Reached skill level 12 in Fighting
 25634 | Elf:3    | Identified the +8 mace of Patterns {freeze, rElec Str+3
                  | Int-2 Dex+3}
 25634 | Elf:3    | Identified the ring of Wonder {Int+3 Dex+6 Slay+3 Stlth+}
 25718 | Elf:3    | Killed a deep elf master archer
 25758 | Elf:3    | Identified the +2 robe "Qoilua" {rN+}
 25770 | Elf:3    | Got the Omnibus of the Comitatus
 25794 | Elf:3    | Noticed a deep elf blademaster
 25819 | Elf:3    | Learned a level 8 spell: Ignition
 25839 | Elf:3    | Killed a deep elf blademaster
 25956 | Elf:3    | Identified the +0 leather armour "Huvid" {Harm Int+3}
 26374 | Spider:1 | Entered Level 1 of the Spider Nest
 26420 | Spider:1 | Reached skill level 1 in Maces & Flails
 26605 | Spider:1 | Noticed Jorgrun
 27021 | Spider:1 | Found a transporter.
 27044 | Spider:1 | Found a transporter.
 27046 | Spider:1 | Noticed Foxy's ghost (adept KoEn)
 27085 | Spider:1 | Offered knowledge of Shatter by Vehumet.
 27085 | Spider:1 | Offered knowledge of Chain Lightning by Vehumet.
 27085 | Spider:1 | Offered knowledge of Maxwell's Capacitive Coupling by
                  | Vehumet.
 27102 | Spider:1 | Killed Foxy's ghost
 27217 | Spider:1 | Killed Jorgrun
 27575 | Spider:2 | Gained mutation: You are completely covered in molten
                  | scales. (AC +4, rF+) [demonic ancestry]
 27575 | Spider:2 | Reached XP level 18. HP: 99/136 MP: 28/33
 27745 | Spider:2 | Noticed Arachne
 27755 | Spider:2 | Killed Arachne
 28012 | Spider:2 | Found a runed translucent door.
 28019 | Spider:2 | Noticed Kilowitz's ghost (journeyman MiFi)
 28043 | Spider:2 | Killed Kilowitz's ghost
 28174 | Spider:2 | Noticed Mlioglotl
 28178 | Spider:2 | Noticed a Hell Sentinel
 28181 | Spider:2 | Killed Mlioglotl
 28596 | Spider:4 | Entered Level 4 of the Spider Nest
 28763 | Spider:4 | Reached skill level 10 in Earth Magic
 28858 | Spider:4 | Reached skill level 5 in Maces & Flails
 28947 | Spider:4 | Reached skill level 13 in Fighting
 29972 | Spider:4 | Got a gossamer rune of Zot
 30174 | Shoals:1 | Entered Level 1 of the Shoals
 30246 | Shoals:1 | Found a runed translucent door.
 30608 | Shoals:1 | Reached skill level 10 in Air Magic
 30666 | Shoals:1 | Noticed bigduke15's ghost (journeyman MiFi)
 30691 | Shoals:1 | Killed bigduke15's ghost
 30891 | Shoals:2 | Identified the +6 trident of the Tent {heavy, *Slow rC++
                  | rN+ Dex+3}
 31918 | Shoals:3 | Gained mutation: You are mostly covered in sharp spines.
                  | [demonic ancestry]
 31918 | Shoals:3 | Reached XP level 19. HP: 146/150 MP: 34/34
 32298 | Shoals:4 | Entered Level 4 of the Shoals
 33336 | Shoals:4 | Got a barnacled rune of Zot
 33861 | D:13     | Acquired a book of Annihilations
 33891 | Vaults:1 | Entered Level 1 of the Vaults
 34005 | Vaults:1 | Noticed Aizul
 34013 | Vaults:1 | Killed Aizul
 34282 | Vaults:1 | Found Equomae's Antique Armour Shop.
 34328 | Vaults:1 | Reached skill level 1 in Necromancy
 34430 | Vaults:1 | Reached skill level 14 in Fighting
 34587 | Vaults:1 | Noticed Zenata
 34604 | Vaults:1 | Killed Zenata
 34890 | Vaults:1 | Reached skill level 10 in Fire Magic
 35287 | Vaults:2 | Reached XP level 20. HP: 93/159 MP: 36/36
 35628 | Vaults:2 | Found Urutedeq's Armour Shoppe.
 35636 | Vaults:2 | Bought a +1 pair of gloves of strength for 264 gold pieces
 36041 | Vaults:2 | Found a staircase to the Crypt.
 36295 | Vaults:2 | Identified the +6 mace of the Dragonfly {freeze, rF+ Will+}
 36576 | Vaults:3 | Noticed Boris
 36594 | Vaults:3 | Killed Boris
 36738 | Vaults:3 | Noticed Jory
 36748 | Vaults:3 | Killed Jory
 36811 | Vaults:3 | Noticed Donald
 36831 | Vaults:3 | Killed Donald
 37135 | Vaults:3 | Found the +2 hood of the Assassin {Detect Stab+ Stlth++}
 37206 | Vaults:3 | Reached skill level 5 in Necromancy
 37208 | Vaults:3 | Found a portal to a secret trove of treasure.
 38044 | D:15     | Identified the amulet of Sywnut {Acrobat +Inv Fly Regen+
                  | Stlth-}
 38047 | D:15     | Identified the ring "Furyider" {rPois rC- Str+5 Int+4}
 38265 | Vaults:4 | Found Ylekkah's Weapon Shop.
 38321 | Vaults:4 | Found a crumbling gateway.
 38330 | Desolati | Entered the Desolation of Salt
 38395 | Desolati | Identified the +1 leather armour of Iruut {rElec Regen+
                  | MP+9 Str-2}
 38397 | Desolati | Identified the ring "Xume" {Contam Will++ rCorr Str+6 SInv}
 38521 | Desolati | Gained mutation: You are completely covered in sharp
                  | spines. [demonic ancestry]
 38521 | Desolati | Reached XP level 21. HP: 166/166 MP: 37/37
 38593 | Desolati | Got the Compendium of United Conduction
 38594 | Desolati | Found the +5 Lochaber axe {reach-cleave, Poleaxe Drain}
 38595 | Desolati | Identified the ring "Sajyzxa" {Int+6 Dex+3}
 38607 | Desolati | Identified the ring "Ibozxier" {Str+2 Slay+4}
 38609 | Desolati | Identified the +4 ring mail "Adedeur" {rF- Int+3 Dex+6}
 39054 | Desolati | Got the Encyclopedia of Electricity and the Volcano
 39059 | Desolati | Got Nobrirgha's Directory of the Nival Jinx
 39690 | Orc:1    | Bought a scroll of fear for 56 gold pieces
 39971 | Vaults:3 | You paid a toll of 8 scrolls of fear to enter a treasure
                  | trove
 39972 | Trove    | Entered a treasure trove
 39979 | Trove    | Identified the +0 buckler of Untold Secrets {+Inv Int+2}
 39998 | Trove    | Identified the +10 morningstar "Sicib" {freeze, Will+ rCorr
                  | Str-2}
 39999 | Trove    | Identified the +7 dagger of the Shimmering Seer {vamp,
                  | rPois rF++ Int+2}
 40202 | Vaults:4 | Reached skill level 15 in Fighting
 40807 | Vaults:4 | Found a transporter.
 40815 | Vaults:4 | Found a transporter.
 41294 | Depths:1 | Entered Level 1 of the Depths
 41565 | Depths:1 | Reached skill level 15 in Conjurations
 41749 | Depths:1 | Found a one-way gate leading to the halls of Pandemonium.
 41760 | Depths:1 | Found Fijugod's Distillery.
 41766 | Depths:1 | Bought a potion of heal wounds for 65 gold pieces
 42161 | Depths:1 | You fall into a shaft and drop 1 floor!
 42356 | Depths:1 | Found a gateway to Hell.
 42378 | Depths:1 | Identified the +3 hand axe "Nauvas" {drain, Will+++ MP+9
                  | Dex-2}
 42784 | Depths:2 | Reached XP level 22. HP: 76/175 MP: 22/39
 42850 | Depths:2 | Reached skill level 10 in Maces & Flails
 42987 | Depths:2 | Noticed an ancient lich
 42988 | Depths:2 | Found a one-way gateway to a ziggurat.
 43077 | Depths:2 | HP: 6/176 [iron troll (5)]
 43325 | Depths:2 | Identified the +0 robe "Xugan" {rC+}
 44721 | Depths:3 | Found a one-way gate to the infinite horrors of the Abyss.
 44889 | Depths:4 | Entered Level 4 of the Depths
 44967 | Depths:4 | Noticed the Enchantress
 44987 | Depths:4 | Killed the Enchantress
 45201 | Depths:4 | Noticed a juggernaut
 45220 | Depths:4 | Killed a juggernaut
 45647 | Depths:4 | Noticed a golden dragon
 45867 | Depths:4 | Noticed a golden dragon
 45881 | Depths:4 | Killed a golden dragon
 45913 | Depths:4 | Found a gate to the Realm of Zot.
 45931 | Depths:4 | Killed a golden dragon
 46375 | Depths:3 | Noticed a caustic shrike
 46389 | Depths:3 | Killed a caustic shrike
 46390 | Depths:3 | Reached skill level 16 in Fighting
 46558 | Depths:3 | Noticed a juggernaut
 46573 | Depths:3 | Killed a juggernaut
 46618 | Depths:3 | Reached XP level 23. HP: 128/184 MP: 40/40
 46701 | Depths:3 | Noticed a caustic shrike
 46712 | Depths:3 | Killed a caustic shrike
 46713 | Depths:3 | Reached skill level 15 in Dodging
 47223 | Depths:3 | Noticed a juggernaut
 47246 | Depths:3 | Killed a juggernaut
 47831 | Vaults:5 | Entered Level 5 of the Vaults
 47934 | Vaults:5 | Found the +2 cloak of the Thief {*Fog Slay-2 SInv Stlth+}
 47940 | Vaults:5 | Noticed an ancient lich
 48691 | Vaults:5 | Slain by a vault warden

Illustrated notes

Levels and vault maps discovered:
D:1:      spicycebolla_arrival_ecumenical, layout_rooms,
          minmay_misc_feat_pillars, minmay_surrounded
D:2:      layout_basic, uniq_natasha
D:3:      layout_basic, uniq_crazy_yiuf_cottage, uniq_ijyb
D:4:      layout_loops_cross, nzn_wu_jian_contemplation,
          minmay_temple_entry_stoned_glass,
          nicolae_concentric_dashed_squares_wild, uniq_sigmund
D:5:      wad_crossroads, layout_loops_corners, uniq_pikel
D:6:      layout_gridville, gammafunk_ghost_split
D:7:      layout_layer_cave
D:8:      layout_basic
D:9:      gammafunk_corrupted_shrine, layout_basic,
          grunt_lair_entry_orc_guard_hut, minmay_orc_entry_guard_dogs,
          hive_lemuel
D:10:     layout_small_grid, hangedman_decor_growths, serial_park_tiny_2,
          nrook_uturn, minmay_beelzebubs_servants
D:11:     due_chaos_kobolds, layout_loops_ring, hellmonk_bongcloud_opening
D:12:     layout_gridville, grunt_dithmenos_smoke_and_mirrors
D:13:     layout_roguey, david_vaults_1
D:14:     doesnt_quadruple_sword, layout_cave_pools, drop_trap, uniq_kirke
D:15:     grunt_enter_depths_hoard, layout_irregular_city,
          dreamdust_mushroom_princess, minmay_st_funbox
Temple:   nicolae_temple_the_god_donut
Lair:1:   layout_small_grid, chequers_serial_rivers_marsh,
          pdpol_lair_cavern_descent, uniq_harold
Lair:2:   layout_hall_layers, minmay_shoals_entry_lonely_mermaid
Lair:3:   layout_roguey, hellmonk_spider_entry_life_and_decay,
          infiniplex_staircase_pool_2
Lair:4:   layout_concentric_octagons, minmay_slime_entry_eyes,
          beast_lair_carwin_8
Lair:5:   hangedman_lair_in_review, layout_loops_ring,
          grunt_forest_small_clearings, st_stairs_7, serial_bayou_ford_a
Shoals:1: layout_shoals, gammafunk_ghost_grave
Shoals:2: layout_shoals
Shoals:3: layout_shoals, nicolae_shoals_aquamancer_cove
Shoals:4: shoals_end_grunt_ice, layout_shoals
Spider:1: lemuel_spider_zombies, gammafunk_ghost_mausoleum, uniq_jorgrun
Spider:2: layout_spider_delve, ebering_ghost_reflecting_pool, uniq_arachne,
          uniq_mlioglotl
Spider:3: layout_spider_delve, drop_trap
Spider:4: spider_rune_water
Orc:1:    lemuel_ogre_cave, layout_diamond_mine, serial_shops, shop_statue,
          guppyfry_orc_lava_fort
Orc:2:    st_orc_mages, layout_caves, portal_ice_cave_rime, serial_shops, shop,
          nicolae_shop_hallway_stairs
Elf:1:    layout_loops_corners, minmay_elf_annihilation
Elf:2:    nicolae_elf_blades_splatter_lattice
          [nicolae_blade_entry_area_security], layout_geoelf_diagonals,
          amethyst_killhole, guppyfry_elf_castle, uniq_roxanne, uniq_azrael
Elf:3:    minmay_elf_hall_hex, layout_geoelf_octagon
Vaults:1: v_misc_8, nicolae_vaults_rhombus_6, ontoclasm_vaults_tryst,
          v_pattern_3, dpeg_vaults_hating_casters, v_misc_26, vaults_mumra_lcd,
          nicolae_vaults_little_squares_2, ontoclasm_vaults_ring_small,
          grunt_vaults_funnel, layout_vaults_big_room, serial_shops,
          nicolae_square_shop, uniq_aizul, uniq_zenata
Vaults:2: nicolae_vaults_back_hallway, hangedman_vaults_restitches,
          st_hourglassy, vaults_room_octagon, vaults_room_pool,
          hangedman_vaults_stream, minmay_crypt_entry_simple_statues,
          vaults_mumra_minichess_inversion, v_misc_13, vaults_room_corners,
          nicolae_vaults_ring_of_whatevers, layout_vaults_ring, serial_shops,
          nicolae_shop_waterfront
Vaults:3: vaults_room_corners, vaults_dpeg_cross, st_star,
          nicolae_vaults_circle_grid_a, nicolae_vaults_circle_grid_b,
          hangedman_vaults_maws, vaults_room_ringed_pool,
          ontoclasm_vaults_ring_square, layout_vaults_maze_bifur,
          nicolae_trove_entry_isolated, uniq_jory, uniq_boris, uniq_donald
Vaults:4: portal_desolation_entry_garden, nicolae_vaults_disjoint_gnomons,
          ontoclasm_vaults_ring_square, v_misc_14, hangedman_vaults_capsules,
          v_misc_10, v_rooms_2, ontoclasm_vaults_eye, v_misc_19,
          hangedman_vaults_restitches, gammafunk_sealed_arena,
          layout_vaults_omnibox, serial_shops, shop
Vaults:5
Depths:1: layout_honeycomb, pan_entry, hell_entry, evilmike_butchery,
          minmay_shop_star
Depths:2: hangedman_cross_stitches, layout_gridlike, enter_ziggurat_d,
          rand_demon_pan_entry_9, corexii_hall_statues_i,
          hangedman_tar_grid_catacomb
Depths:3: nicolae_herringbone, layout_cave_shapes, abyss_entry_glasseish,
          hangedman_geh_valley, hangedman_abyss_or_decor_passed
Depths:4: grunt_zot_entry_bicorn, layout_gridville, kennysheep_flooded_box,
          hangedman_coc_ice_floe, uniq_enchantress

Skill      XL: |  1  2  3  4  5  6  7  8  9 10 11 12 13 14 15 16 17 18 19 20 21 22 23 |
---------------+----------------------------------------------------------------------+-----
Transmutations | 1 2 |  2.0
Dodging        | 2 3 4 5 6 7 8 9 10 11 12 13 14 15 | 15.0
Fighting       | 1 2 3 4 5 6 7 8 9 10 11 12 13 14 15 16 | 16.8
Armour         | 1 2 3 4 5 6 7 8 9 10 11 12 13 14 | 14.0
Air Magic      | 1 2 3 4 5 7 8 9 10 | 10.0
Spellcasting   | 3 4 5 6 7 8 9 10 11 12 13 14 | 14.7
Poison Magic   | 4 5 6 7 8 9 10 | 10.0
Conjurations   | 1 2 3 4 5 7 8 9 10 11 12 13 14 15 | 15.0
Earth Magic    | 1 3 4 5 6 7 8 9 10 11 12 | 12.0
Fire Magic     | 1 4 5 7 8 9 10 11 12 13 | 13.4
Translocations | 2 |  2.0
Shields        | 3 5 7 8 9 |  9.9
Maces & Flails | 3 6 8 9 10 12 | 12.0
Necromancy     | 3 5 |  5.0
Stealth        | 2 |  2.0

Action                     |  1- 3 |  4- 6 |  7- 9 | 10-12 | 13-15 | 16-18 | 19-21 | 22-24 || total
---------------------------+-------+-------+-------+-------+-------+-------+-------+-------++-------
  Melee: Hand axe          |    77 |    72 |       |       |       |       |       |       ||   149
         Tailslap          |     3 |    21 |    26 |    38 |   109 |   115 |   268 |   186 ||   766
         Dagger            |       |    60 |   184 |    79 |       |       |       |       ||   323
         Punch             |       |       |     2 |     2 |    12 |       |       |       ||    16
         Short sword       |       |       |       |   129 |       |       |       |       ||   129
         Rapier            |       |       |       |       |   462 |       |       |       ||   462
         Demon whip        |       |       |       |       |    42 |   583 |  1044 |   651 ||  2320
   Cast: Sting             |    40 |    92 |   137 |    44 |       |       |       |       ||   313
         Poisonous Vapours |       |     5 |    33 |       |       |       |       |       ||    38
         Stone Arrow       |       |       |    25 |   121 |   408 |   374 |   153 |     3 ||  1084
         Olgreb's Toxic Ra |       |       |     7 |    56 |    75 |    67 |    46 |    13 ||   264
         Searing Ray       |       |       |       |     7 |       |       |       |       ||     7
         Airstrike         |       |       |       |     1 |     1 |    21 |     3 |       ||    26
         Flame Wave        |       |       |       |       |    18 |     4 |       |       ||    22
         Lightning Bolt    |       |       |       |       |     5 |    46 |    21 |    23 ||    95
         Vhi's Electric Ch |       |       |       |       |     1 |       |       |       ||     1
         Iron Shot         |       |       |       |       |       |    81 |    93 |   205 ||   379
         Starburst         |       |       |       |       |       |    10 |    51 |    13 ||    74
  Evoke: Wand              |       |       |     1 |     1 |       |       |       |       ||     2
    Use: Scroll            |       |    10 |     1 |    12 |    15 |    12 |    11 |     6 ||    67
         Potion            |       |       |     2 |     1 |     1 |    10 |     3 |     6 ||    23
   Stab: Sleeping          |     1 |       |     1 |       |     2 |     1 |     8 |       ||    13
         Distracted        |       |       |       |       |     9 |       |       |     1 ||    10
 Armour: Robe              |    21 |    61 |   106 |       |       |       |       |       ||   188
         Skin              |       |     5 |       |       |       |       |       |       ||     5
         Ring mail         |       |       |    29 |   144 |   244 |   434 |   370 |   237 ||  1458
  Dodge: Dodged            |    68 |    93 |   235 |   290 |   828 |   590 |   559 |   337 ||  3000
         Repelled          |       |       |       |     2 |     9 |       |       |       ||    11
  Block: Buckler           |       |       |       |       |    93 |   358 |   172 |       ||   623
         Kite shield       |       |       |       |       |       |       |   296 |   412 ||   708

Table legend: (Time is in decaauts)
 A = Elapsed time spent in this place.
 B = Non-inter-level travel time spent in this place.
 C = Inter-level travel time spent in this place.
 D = Time resting spent in this place.
 E = Time spent auto-exploring this place.
 F = Levels seen in this place.
 G = Mean time per level.
                   A        B        C        D        E       F      G
               +--------+--------+--------+--------+--------+-----+--------+
         Total |  48891 |  44537 |   4354 |   7086 |  22261 |  46 | 1062.8 |
       Dungeon |  15462 |  13928 |   1534 |   1906 |   8085 |  15 | 1030.8 |
        Temple |     56 |     31 |     25 |      0 |     11 |   1 |   56.0 |
          Lair |   5319 |   4859 |    460 |    444 |   2845 |   5 | 1063.8 |
        Shoals |   3734 |   3551 |    183 |    552 |   1893 |   4 |  933.5 |
   Spider Nest |   3745 |   3505 |    240 |    490 |   1672 |   4 |  936.2 |
  Orcish Mines |   1660 |   1188 |    472 |     43 |    538 |   2 |  830.0 |
   Elven Halls |   4155 |   3908 |    247 |    831 |   1456 |   3 | 1385.0 |
        Vaults |   6831 |   5935 |    896 |   1282 |   2487 |   5 | 1366.2 |
        Depths |   6131 |   5838 |    293 |   1311 |   2513 |   4 | 1532.8 |
         Trove |     44 |     44 |      0 |      0 |      0 |   1 |   44.0 |
      Ice Cave |    891 |    891 |      0 |     79 |    470 |   1 |  891.0 |
    Desolation |    858 |    858 |      0 |    147 |    289 |   1 |  858.0 |
               +--------+--------+--------+--------+--------+-----+--------+

Top non-repeatable levels by time:
   Elf:3: 2007 daAuts
Depths:3: 1933 daAuts
Vaults:3: 1621 daAuts
     D:5: 1577 daAuts
Vaults:4: 1538 daAuts
     D:3: 1537 daAuts
Depths:2: 1523 daAuts
Vaults:1: 1519 daAuts
     D:9: 1478 daAuts
Spider:4: 1430 daAuts
Depths:4: 1411 daAuts
Vaults:2: 1380 daAuts
Shoals:4: 1359 daAuts
     D:6: 1294 daAuts
Depths:1: 1263 daAuts
